 Dungeon Crawl Stone Soup version 0.22-a0-617-g6d95e9e (webtiles) character file.

214 galech the Skirmisher (level 5, -3/57 HPs)
             Began as an Ogre Berserker on July 12, 2018.
             Was a Believer of Trog.
             Slain by a worker ant (5 damage)
             ... on level 4 of the Dungeon.
             The game lasted 00:02:50 (1933 turns).

galech the Skirmisher (Ogre Berserker)              Turns: 1933, Time: 00:02:51

Health: -3/57      AC: -2    Str: 21    XL:     5   Next: 91%
Magic:  9/14       EV: 11    Int:  8    God:    Trog [**....]
Gold:   115        SH:  0    Dex:  9    Spells: 4/4 levels left

rFire    . . .     SeeInvis .   m - +1 mace (holy)
rCold    + . .     Gourm    .   (no shield)
rNeg     . . .     Faith    .   b - +0 animal skin
rPois    .         Spirit   .   k - +2 hat
rElec    .         Reflect  .   j - +0 cloak
rCorr    .         Harm     .   (gloves unavailable)
MR       ++...                  (boots unavailable)
Stlth    +.........             g - amulet of rage
HPRegen  1.19/turn              p - ring of protection from cold
MPRegen  0.14/turn              t - ring of magical power

@: lethally poisoned (-3 -> -3), corroded, regenerating
A: large, unfitting armour, tough skin 1
a: Berserk, Trog's Hand, Renounce Religion, Evoke Berserk Rage


You were on level 4 of the Dungeon.
You worshipped Trog.
Trog was pleased with you.
You were not hungry.

You visited 1 branch of the dungeon, and saw 4 of its levels.

You collected 115 gold pieces.

Inventory:

Hand Weapons
 m - a +1 mace of holy wrath (weapon)
Armour
 b - a +0 animal skin (worn)
 j - a +0 cloak (worn)
 k - a +2 hat (worn)
Jewellery
 g - an amulet of rage (around neck)
 p - a ring of protection from cold (left hand)
 t - a ring of magical power (right hand)
Scrolls
 a - a scroll of fear {unknown}
 f - a scroll of teleportation {unknown}
 i - 4 scrolls of identify {unknown}
 l - 3 scrolls of fog {unknown}
 n - a scroll of blinking {unknown}
 o - 3 scrolls of immolation {unknown}
 r - a scroll of remove curse {unknown}
Potions
 e - a potion of curing {unknown}
 h - a potion of agility {unknown}
 q - a potion of flight {unknown}
 s - a potion of mutation {unknown}
 u - a potion of magic {unknown}
 v - a potion of lignification {unknown}
Comestibles
 c - 4 rations
 d - a chunk of flesh


   Skills:
 + Level 5.3 Fighting
 + Level 4.2 Maces & Flails
 + Level 4.0 Dodging
 + Level 0.1 Stealth


You had 4 spell levels left.
You didn't know any spells.
Your spell library was empty.

Dungeon Overview and Level Annotations

Branches:
Dungeon (4/15)
 Temple: D:4-7

Altars:
Elyvilon
Fedhas
Makhleb


Innate Abilities, Weirdness & Mutations

You are too large for most types of armour.
You have tough skin. (AC +1)


Message History

You feel sick. The worker ant bites you! The worker ant bites you.
* * * LOW HITPOINT WARNING * * *
You barely miss the worker ant.
The worker ant is moderately wounded.
You feel sick. The worker ant bites you!
* * * LOW HITPOINT WARNING * * *
You are lethally poisoned!
The worker ant poisons you!
You closely miss the worker ant.
The worker ant is moderately wounded.
* * * LOW HITPOINT WARNING * * *
You feel sick. The worker ant closely misses you. The worker ant misses you.
You barely miss the worker ant.
The worker ant is moderately wounded.
* * * LOW HITPOINT WARNING * * *
You feel sick. The worker ant misses you.
Your skin crawls.
You feel resistant to hostile enchantments.
You feel somewhat more hungry.
You feel sick. The worker ant bites you.
You die...

....##
#.....######
#..........#
#..........# ..#
.<.........# ..#
...........# $..#
...........+ ..#
....(.a@...#...
.....###.###.#
... #$#...# #
.#.###.#.#####
.>............#
#.#####.#.....###
.####.#........
...............
.####.#<.......


You could see a worker ant.

Vanquished Creatures
  A hound (D:4)
  A jelly (D:4)
  5 adders
  2 oozes
  4 dart slugs
  4 leopard geckos
  12 orcs (D:3)
  11 bats
  7 goblins
  7 hobgoblins
  6 jackals
  A quokka (D:3)
  A ball python (D:1)
  3 frilled lizards
  5 kobolds
  7 rats
77 creatures vanquished.

Notes
Turn   | Place    | Note
-------+----------+-------------------------------------------
     0 | D:1      | galech the Ogre Berserker began the quest for the Orb.
     0 | D:1      | Reached XP level 1. HP: 24/24 MP: 1/1
    58 | D:1      | Reached XP level 2. HP: 30/32 MP: 2/2
   223 | D:1      | Reached XP level 3. HP: 22/40 MP: 3/3
   758 | D:2      | Found a blossoming altar of Fedhas.
   769 | D:2      | Found a burning altar of Makhleb.
   779 | D:2      | Found a white marble altar of Elyvilon.
   915 | D:2      | Reached XP level 4. HP: 44/49 MP: 4/4
   951 | D:2      | Reached skill level 5 in Fighting
  1186 | D:2      | Reached ** piety under Trog
  1450 | D:3      | Reached XP level 5. HP: 51/57 MP: 5/5
  1911 | D:4      | Reached *** piety under Trog
  1932 | D:4      | HP: 2/57 [poisoned by a worker ant]
  1933 | D:4      | Slain by a worker ant

Vault maps used:
D:1:      minmay_arrival_cross
D:2:      grunt_temple_overflow_open, first_ration
D:3:      minmay_cut_off
D:4:      lemuel_crystal_altar, palyth_stone_intersect

Skill      XL: |  1  2  3  4  5 |
---------------+----------------+-----
Maces & Flails | 3 4 |  4.2
Dodging        | 3 4 |  4.0
Fighting       | 5 |  5.3
Stealth        | |  0.1

Action                   |  1- 3 |  4- 6 || total
-------------------------+-------+-------++-------
Melee: Mace              |    84 |   173 ||   257
Invok: Berserk           |     1 |       ||     1
       Trog's Hand       |       |     1 ||     1
  Eat: Chunk             |     1 |     4 ||     5
Armor: Animal skin       |    36 |    80 ||   116
Dodge: Dodged            |    62 |   120 ||   182

Table legend:
 A = Spawn XP
 B = Non-spawn XP
 C = Spawn XP percentage of total XP
 D = Spawn monster count
 E = Non-spawn monster count
 F = Spawn count percentage of total count
 G = Total turns spent on level
                    A         B        C        D         E        F      G
               +---------+---------+-------+---------+---------+-------+---------
         Total |       0 |     306 |   0.0 |       0 |      77 |   0.0 |  1933
               +---------+---------+-------+---------+---------+-------+---------
           D:1 |       0 |      52 |   0.0 |       0 |      24 |   0.0 |   739
           D:2 |       0 |      74 |   0.0 |       0 |      17 |   0.0 |   608
           D:3 |       0 |      97 |   0.0 |       0 |      34 |   0.0 |   559
           D:4 |       0 |      83 |   0.0 |       0 |       2 |   0.0 |    27
               +---------+---------+-------+---------+---------+-------+---------
